 Dungeon Crawl Stone Soup version 0.23-a0-407-g92528d7c89 (webtiles) character file.

107536 ArschAngel the Executioner (level 16, -8/152 HPs)
             Began as a Minotaur Berserker on Nov 4, 2018.
             Was a High Priest of Trog.
             Mangled by an alligator (10 damage)
             ... on level 2 of the Swamp on Nov 7, 2018.
             The game lasted 00:57:11 (29661 turns).

ArschAngel the Executioner (Minotaur Berserker)    Turns: 29661, Time: 00:57:12

Health: -8/152     AC: 19    Str: 24    XL:     16   Next: 0%
Magic:  5/5        EV: 15    Int:  5    God:    Trog [*****.]
Gold:   2330       SH:  0    Dex: 19    Spells: 15/15 levels left

rFire    + . .     SeeInvis .   L - +6 executioner's axe (antimagic)
rCold    + . .     Gourm    .   (shield currently unavailable)
rNeg     . . .     Faith    .   I - +1 chain mail "Dimnej" {rPois rC+}
rPois    +         Spirit   .   (helmet restricted)
rElec    .         Reflect  .   O - +0 cloak
rCorr    .         Harm     .   b - +0 pair of fencer's gloves {+Riposte Dex+3}
MR       +....                  t - +0 pair of boots
Stlth    ..........             n - amulet of regeneration
HPRegen  0.75/turn              s - ring of protection from fire
MPRegen  0.09/turn              U - +2 ring of strength

@: no status effects
A: retaliatory headbutt, horns 2
a: Berserk, Trog's Hand, Brothers in Arms, Renounce Religion


You were on level 2 of the Swamp.
You worshipped Trog.
Trog was extremely pleased with you.
You were not hungry.

You visited 4 branches of the dungeon, and saw 26 of its levels.
You also visited: Ossuary and Ice Cave.

You collected 2873 gold pieces.
You spent 543 gold pieces at shops.

Inventory:

Hand Weapons
 L - a +6 antimagic executioner's axe (weapon)
Armour
 b - the +0 pair of fencer's gloves (worn) {+Riposte Dex+3}
   (You found it on level 12 of the Dungeon)

   It affects your dexterity (+3).
 t - a +0 pair of boots (worn)
 I - the +1 chain mail "Dimnej" (worn) {rPois rC+}
   (You found it on level 14 of the Dungeon)

   It protects you from cold.
   It protects you from poison.
 O - a +0 cloak (worn)
 Q - a +1 large shield of cold resistance
Jewellery
 d - an uncursed ring of flight {unknown}
 n - an amulet of regeneration (around neck)
 s - a ring of protection from fire (left hand)
 x - a +4 ring of intelligence {unknown}
 U - a +2 ring of strength (right hand)
Wands
 f - a wand of enslavement (6)
 m - a wand of scattershot (5)
 w - a wand of acid (7)
 A - a wand of polymorph (17)
 D - a wand of paralysis (30)
 G - a wand of iceblast (23)
 K - a wand of flame (19)
 M - a wand of random effects (25)
Scrolls
 a - 5 scrolls of blinking
 l - 19 scrolls of teleportation
 o - a scroll of noise
 p - 3 scrolls of fear
 r - 8 scrolls of remove curse
 u - 4 scrolls of enchant armour
 y - 2 scrolls of immolation
 z - 3 scrolls of summoning
 C - 2 scrolls of fog
 F - a scroll of magic mapping
 H - a scroll of silence {unknown}
Potions
 e - 2 potions of berserk rage
 g - 7 potions of curing
 h - a potion of ambrosia
 i - 7 potions of lignification
 j - 6 potions of haste
 k - 5 potions of agility
 q - 3 potions of mutation
 v - 3 potions of resistance
 E - 9 potions of flight
 J - a potion of might
Comestibles
 c - 23 rations


   Skills:
 + Level 16.5 Fighting
 * Level 21.5 Axes
 - Level 15.8 Armour
 + Level 8.3 Dodging
 - Level 3.9 Evocations


You had 15 spell levels left.
You didn't know any spells.
Your spell library was empty.

Dungeon Overview and Level Annotations

Branches:
Dungeon (15/15)            Temple (0/1) D:6            Lair (6/6) D:9
  Swamp (3/4) Lair:4        Snake (0/4) Lair:3        Slime (0/5) Lair:6
    Orc (2/2) D:11            Elf (0/3) Orc:2        Vaults (0/5) D:13
 Depths (0/5) D:15

Altars:
Ashenzari
Gozag
Makhleb
Nemelex Xobeh
Qazlal
Sif Muna
Vehumet
Xom
Yredelemnul
Beogh

Shops:
D:6 (   D:9 ?   D:10 [   Orc:2 (=(:

Portals:
Trove: D:13 (give 9 potions of agility)

Annotations:
D:11 2 transporters, Armakuni's ghost, journeyman DsNe
Lair:3 exclusion: downstairs
Lair:4 exclusion: 3 oklob plants


Innate Abilities, Weirdness & Mutations

You reflexively headbutt those who attack you in melee.
You have a pair of horns on your head.


Message History

The bog body casts a spell at you. The bolt of cold hits you! You resist.
The bolt of cold hits the insubstantial wisp.
The insubstantial wisp resists.
The spriggan hits you but does no damage.
The alligator bites you!!
* * * LOW HITPOINT WARNING * * *
The alligator misses you.
The insubstantial wisp is engulfed in freezing vapours.
The insubstantial wisp hits you but does no damage.
You feel much better.
The bog body hits you but does no damage.
The bog body touches you.
* * * LOW HITPOINT WARNING * * *
The bog body freezes you. You resist.
* * * LOW HITPOINT WARNING * * *
The alligator bites you!!
* * * LOW HITPOINT WARNING * * *
The alligator tail-slaps you!
You die...

♣.≈≈≈≈≈..♣♣ ♣
♣♣....≈♣§≈.♣
♣♣♣.≈≈≈.≈≈≈.♣♣
.♣♣♣≈♣≈≈≈≈≈≈♣
♣♣♣♣≈≈≈.....♣ ♣
♣≈≈.≈...≈.♣♣ ♣♣♣ ♣
♣≈≈..≈..≈..♣♣♣♣≈♣ ♣
♣...≈≈.§≈♣..♣♣in♣♣
♣
♣.≈≈.≈.≈≈≈.≈..@≈≈♣
♣
♣≈♣≈≈.≈...≈..v.t♣♣
♣♣♣≈♣♣≈.§♣♣♣≈.♣.♣.♣
.♣♣.♣♣§.♣♣ ♣..♣.♣(♣
♣≈♣♣♣♣>.♣ ♣≈.♣.♣≈♣♣
♣♣♣ ♣♣♣♣ ♣.♣♣♣...♣
♣♣♣ ♣♣.♣♣ ♣♣♣


You could see an alligator, a bog body, a spriggan and an insubstantial wisp.

Vanquished Creatures
  Rupert (Lair:6)
  A thorn hunter (Swamp:2)
  A rakshasa (D:15)
  An ice dragon (D:13)
  8 hydras
  3 centaur warriors
  5 alligators
  An ogre mage (D:15)
  4 death yaks
  6 two-headed ogres
  2 tengu warriors
  An orc high priest (Orc:2)
  A hell knight (D:15)
  3 unseen horrors
  A spriggan druid (Swamp:3)
  2 swamp dragons
  A deep elf mage (D:12)
  An orc knight (Orc:2)
  A necromancer (D:13)
  5 orc sorcerers
  5 cyclopes
  19 ugly things
  A guardian serpent (shapeshifter) (D:15)
  5 manticores
  2 ice statues (IceCv)
  13 elephants
  4 black mambas
  A torpor snail (Lair:6)
  10 spiny frogs
  2 rime drakes (Lair:6)
  A kobold demonologist (D:12)
  2 freezing wraiths
  6 komodo dragons
  3 tengu conjurers
  4 tyrant leeches
  Prince Ribbit (D:9)
  A wind drake (Lair:6)
  14 polar bears
  A polar bear (shapeshifter) (D:13)
  7 hornets
  6 trolls
  8 hippogriffs
  5 bog bodies
  6 shadows
  12 spriggans
  3 wraiths
  A human (D:12)
  2 basilisks
  2 fire bats (Lair:1)
  49 yaks
  2 hogs (D:12)
  10 wyverns
  2 vampires
  3 hungry ghosts
  2 fire elementals (Lair:1)
  15 vampire mosquitoes
  Grum (D:11)
  Menkaure (D:4)
  A naga (Lair:3)
  An insubstantial wisp (Swamp:2)
  5 swamp worms
  4 wargs
  A soldier ant (D:15)
  15 water moccasins
  18 orc warriors
  8 porcupines
  A phantom (D:9)
  3 swamp drakes (Swamp:2)
  2 black bears
  15 ice beasts
  A black bear (shapeshifter) (D:13)
  A sky beast (D:6)
  A necrophage (D:9)
  An eye of draining (D:14)
  17 ogres
  2 boggarts (Lair:3)
  14 wolves
  12 crocodiles
  18 centaurs
  2 big kobolds
  20 bullfrogs
  A wyvern skeleton (D:14)
  15 killer bees
  6 scorpions
  14 wights
  An electric eel (Lair:6)
  2 howler monkeys (D:10)
  3 centaur zombies
  7 crimson imps
  2 jellies
  A lava snake (Lair:1)
  A bullfrog zombie (D:12)
  A wyvern simulacrum (D:14)
  9 hounds
  A gnoll shaman (D:9)
  28 orc priests
  24 orc wizards
  2 bullfrog skeletons
  9 centaur skeletons
  3 iguanas
  15 worker ants
  Natasha (thrice) (D:2)
  A hound zombie (D:6)
  A mummy (D:6)
  5 gnolls (D:9)
  11 adders
  5 shadow imps
  2 oozes
  2 adder skeletons (D:9)
  2 adder zombies (Ossuary)
  2 worms
  3 dart slugs
  4 leopard geckos
  88 orcs
  2 ball pythons
  5 bats
  2 giant cockroaches (D:2)
  4 goblins
  10 hobgoblins
  6 jackals
  10 kobolds
  5 quokkas
  3 frilled lizards
  A hobgoblin skeleton (Ossuary)
  2 leopard gecko skeletons
  2 orc skeletons (Ossuary)
  2 orc zombies (Ossuary)
  A quokka skeleton (D:5)
  5 rats
  3 fungi
  A plant (Lair:5)
782 creatures vanquished.

Vanquished Creatures (collateral kills)
  A white draconian (IceCv)
  An ettin (D:15)
  2 hydras
  A merfolk avatar (Lair:6)
  A two-headed ogre (D:9)
  A centaur warrior (D:15)
  A death yak (Lair:3)
  3 orc high priests (Orc:2)
  A skeletal warrior (D:9)
  A rime drake (Lair:6)
  A hornet (Lair:3)
  2 polar bears (IceCv)
  2 hippogriffs (D:9)
  A spriggan (Lair:3)
  A vampire (D:9)
  5 yaks
  A basilisk (D:9)
  A water moccasin (Lair:6)
  2 orc warriors
  A boggart (Lair:3)
  An ogre (D:9)
  A bullfrog (D:9)
  2 killer bees (D:10)
  2 crimson imps (D:9)
  2 orc priests (Orc:2)
  A bullfrog skeleton (D:9)
  3 orc wizards
  A jelly (D:9)
  A worker ant (D:9)
  An orc (Orc:2)
45 creatures vanquished.

Vanquished Creatures (others)
  A briar patch (Swamp:2)
  7 bushes (D:9)
  A butterfly (D:6)
  18 fungi
  35 plants
62 creatures vanquished.

Grand Total: 889 creatures vanquished

Notes
Turn   | Place    | Note
-------+----------+-------------------------------------------
     0 | D:1      | ArschAngel the Minotaur Berserker began the quest for the
                  | Orb.
     0 | D:1      | Reached XP level 1. HP: 19/19 MP: 0/0
    77 | D:1      | Reached skill level 4 in Axes
    81 | D:1      | Reached XP level 2. HP: 25/27 MP: 1/1
   777 | D:2      | Noticed Natasha
   780 | D:2      | Killed Natasha
   780 | D:2      | Reached skill level 5 in Axes
   780 | D:2      | Reached XP level 3. HP: 31/33 MP: 2/2
   783 | D:2      | Reached ** piety under Trog
   816 | D:2      | Reached XP level 4. HP: 27/41 MP: 3/3
  1339 | D:2      | Found a deep blue altar of Sif Muna.
  1399 | D:2      | Reached skill level 6 in Axes
  1480 | D:2      | Reached XP level 5. HP: 46/47 MP: 4/4
  1486 | D:2      | Noticed Natasha
  1491 | D:2      | Killed Natasha
  1544 | D:2      | Noticed Natasha
  1560 | D:2      | Killed Natasha
  1920 | D:3      | Found a shattered altar of Ashenzari.
  2137 | D:3      | Reached skill level 5 in Fighting
  2641 | D:4      | Reached XP level 6. HP: 53/56 MP: 5/5
  2656 | D:4      | Reached *** piety under Trog
  2656 | D:4      | Reached skill level 7 in Axes
  3377 | D:4      | Noticed Menkaure
  3391 | D:4      | Killed Menkaure
  3391 | D:4      | Reached skill level 8 in Axes
  3391 | D:4      | Reached XP level 7. HP: 60/61 MP: 6/6
  3863 | D:5      | Entered Level 5 of the Dungeon
  3935 | D:5      | Reached skill level 5 in Armour
  4654 | D:5      | Reached skill level 9 in Axes
  4758 | D:5      | Reached XP level 8. HP: 38/70 MP: 7/7
  5159 | D:5      | Found a shimmering altar of Xom.
  5272 | D:6      | Reached skill level 10 in Axes
  5313 | D:6      | Found a sand-covered staircase.
  5324 | Ossuary  | Entered an ossuary
  5543 | Ossuary  | Reached **** piety under Trog
  5613 | Ossuary  | Noticed a flying skull
  5620 | Ossuary  | Noticed a flying skull
  5644 | Ossuary  | Noticed a flying skull
  5645 | Ossuary  | Noticed a flying skull
  5876 | Ossuary  | Reached skill level 11 in Axes
  5876 | Ossuary  | Reached XP level 9. HP: 49/78 MP: 8/8
  6089 | D:6      | Found a staircase to the Ecumenical Temple.
  6242 | D:6      | Found Qaogoekh's Weapon Boutique.
  6249 | D:6      | Bought a +2 war axe of flaming for 274 gold pieces
  6397 | D:6      | Noticed a cyan ugly thing
  6402 | D:6      | Killed a cyan ugly thing
  6402 | D:6      | Reached skill level 12 in Axes
  6666 | D:6      | Found a stormy altar of Qazlal.
  6711 | D:6      | Found a sparkling altar of Nemelex Xobeh.
  6712 | D:6      | Found a radiant altar of Vehumet.
  6750 | D:6      | You fall through a shaft!
  7337 | D:7      | Reached ***** piety under Trog
  7344 | D:7      | Reached skill level 13 in Axes
  7615 | D:8      | Reached XP level 10. HP: 45/88 MP: 9/9
  8398 | D:8      | You fall through a shaft!
  8436 | D:9      | Reached skill level 14 in Axes
  8436 | D:9      | Noticed a skeletal warrior
  8478 | D:9      | Killed a skeletal warrior
  9109 | D:9      | Found a burning altar of Makhleb.
  9447 | D:9      | Reached skill level 15 in Axes
  9485 | D:9      | Paralysed by a hornet for 3 turns
  9492 | D:9      | Paralysed by a hornet for 2 turns
  9494 | D:9      | Received a gift from Trog
  9752 | D:9      | Noticed Prince Ribbit
  9752 | D:9      | Noticed a two-headed ogre
  9764 | D:9      | Killed a two-headed ogre
  9764 | D:9      | Reached XP level 11. HP: 59/97 MP: 10/10
  9773 | D:9      | Killed Prince Ribbit
  9842 | D:9      | Noticed a two-headed ogre
  9847 | D:9      | Killed a two-headed ogre
  9961 | D:9      | Found a staircase to the Lair.
  9979 | D:9      | Reached skill level 16 in Axes
 10271 | D:9      | Found Butz's Magic Scroll Emporium.
 10279 | D:9      | Bought a scroll of enchant armour for 112 gold pieces
 10279 | D:9      | Bought a scroll of remove curse for 45 gold pieces
 10279 | D:9      | Bought a scroll of enchant weapon for 112 gold pieces
 10582 | D:10     | Entered Level 10 of the Dungeon
 11252 | D:10     | Found a basalt altar of Yredelemnul.
 11367 | D:10     | Reached skill level 10 in Armour
 11406 | D:10     | Found Voishuos's Armour Shoppe.
 11786 | D:11     | Noticed Grum
 11802 | D:11     | Reached skill level 17 in Axes
 11805 | D:11     | Killed Grum
 12011 | D:11     | Reached skill level 10 in Fighting
 12149 | D:11     | Received a gift from Trog
 12159 | D:11     | Found a roughly hewn altar of Beogh.
 12159 | D:11     | Found a staircase to the Orcish Mines.
 12285 | D:11     | Found a transporter.
 12299 | D:11     | Found a transporter.
 12300 | D:11     | Noticed Armakuni's ghost (journeyman DsNe)
 12585 | D:11     | Reached XP level 12. HP: 64/106 MP: 11/11
 12968 | Lair:1   | Entered Level 1 of the Lair of Beasts
 12978 | Lair:1   | Received a gift from Trog
 13081 | Lair:1   | Reached skill level 18 in Axes
 13103 | Lair:1   | Found a frozen archway.
 13182 | IceCv    | Entered an ice cave
 13851 | IceCv    | Noticed a white draconian
 13865 | IceCv    | Killed a white draconian
 13865 | IceCv    | Reached skill level 19 in Axes
 15321 | Lair:2   | Reached XP level 13. HP: 116/116 MP: 12/12
 16113 | Lair:3   | Found a staircase to the Snake Pit.
 16168 | Lair:3   | Reached skill level 20 in Axes
 16171 | Lair:3   | Received a gift from Trog
 16947 | Lair:3   | Paralysed by a hornet for 3 turns
 17323 | Lair:4   | Found a staircase to the Swamp.
 18115 | Lair:4   | You fall through a shaft for 2 floors!
 18115 | Lair:6   | Entered Level 6 of the Lair of Beasts
 18120 | Lair:6   | Noticed Rupert
 18136 | Lair:6   | Killed Rupert
 18343 | Lair:6   | Found a staircase to the Slime Pits.
 19287 | Lair:6   | Reached skill level 5 in Dodging
 19526 | Lair:6   | Reached XP level 14. HP: 69/129 MP: 13/13
 19731 | Lair:6   | Identified the Volume of Cold
 20676 | Lair:6   | Upgraded the game from 0.23-a0-402-g64599a10a2 to
                  | 0.23-a0-407-g92528d7c89
 21314 | D:12     | Found the +0 pair of fencer's gloves {+Riposte Dex+3}
 22151 | D:13     | Found a portal to a secret trove of treasure.
 22319 | D:13     | Reached skill level 1 in Evocations
 22325 | D:13     | Reached skill level 15 in Armour
 22474 | D:13     | Found a gate to the Vaults.
 22971 | D:14     | Got a smelly chain mail
 23047 | D:13     | Identified the +1 chain mail "Dimnej" {rPois rC+} (You
                  | found it on level 14 of the Dungeon)
 23079 | D:14     | Received a gift from Trog
 23097 | D:14     | Reached skill level 15 in Fighting
 23580 | D:14     | Reached XP level 15. HP: 53/141 MP: 16/16
 23911 | D:14     | Found a deep blue altar of Sif Muna.
 24471 | D:15     | Entered Level 15 of the Dungeon
 24730 | D:15     | Found a staircase to the Depths.
 25222 | Orc:1    | Entered Level 1 of the Orcish Mines
 25239 | Orc:1    | Received a gift from Trog
 25390 | Orc:2    | Entered Level 2 of the Orcish Mines
 25930 | Orc:2    | Paralysed by an orc sorcerer for 3 turns
 26264 | Orc:1    | Received a gift from Trog
 26443 | Orc:2    | Found a staircase to the Elven Halls.
 26521 | Orc:2    | Found Efuptie's Antique Weapon Shoppe.
 26521 | Orc:2    | Found Yjemoysial's Antique Weapon Emporium.
 26521 | Orc:2    | Found Lopuwolo's Jewellery Emporium.
 26525 | Orc:2    | Found Motiej's Book Shoppe.
 26991 | Swamp:1  | Entered Level 1 of the Swamp
 27039 | Swamp:1  | Found an opulent altar of Gozag.
 27762 | Swamp:2  | Reached skill level 21 in Axes
 27788 | Swamp:2  | Noticed a thorn hunter
 27910 | Swamp:2  | Killed a thorn hunter
 28639 | Swamp:2  | Received a gift from Trog
 29656 | Swamp:3  | Reached XP level 16. HP: 128/152 MP: 5/17
 29661 | Swamp:2  | HP: 2/152 [alligator (28)]
 29661 | Swamp:2  | Mangled by an alligator

Vault maps used:
D:1:      enne_arrival_octagon_isle, hangedman_decor_slide_cut
D:2:      led_sif_pool, chequers_serial_rivers_small_a, uniq_natasha
D:3:      evilmike_ruin_ashenzari
D:4:      serial_forest, infiniplex_forest_clump_tiny,
          infiniplex_forest_clump_small, infiniplex_forest_corner_1,
          infiniplex_forest_straight_5, infiniplex_forest_straight_2,
          infiniplex_forest_lined_ring, infiniplex_forest_corner_1,
          infiniplex_forest_corner_1, infiniplex_forest_zigzag_2, first_ration,
          uniq_menkaure
D:5:      minmay_opposing_rooms, lemuel_crystal_altar, st_stairs_11
D:6:      gammafunk_temple_overflow_forgotten, minmay_temple_entry_butterflies,
          gup_ossuary_entry_pyramid, serial_shops, shop, minmay_small_thing
D:9:      minmay_bloctagon, old_standard_altar, minmay_lair_entry_grove,
          serial_shops, nicolae_shop_waterfront, uniq_prince_ribbit1
D:10:     basic_altar, serial_shops, nicolae_shop_behind_doors
D:11:     david_orc_5, gammafunk_ghost_hive, uniq_grum
D:12:     grunt_livestock
D:13:     david_vaults_4, nicolae_trove_entry_diagonal
D:14:     basic_altar, hangedman_decor_lopped
D:15:     hangedman_depths_entry_civil_slaughter
Lair:1:   portal_ice_cave_entry_ice_beasts, minivault_25
Lair:2:   infiniplex_staircase_pool_2
Lair:3:   kb_forest_paths, guppyfry_snake_entry_garden,
          infiniplex_staircase_pool, serial_bayou_shore_b
Lair:4:   swamp_mist_pool, dpeg_oklob_1
Lair:5:   minivault_25, eino_small_chamber_without_monster,
          chequers_serial_rivers_large_a
Lair:6:   gammafunk_lair_ancient_temple, slime_dummy, serial_bayou_shore_a,
          uniq_rupert
Swamp:1:  evilmike_swamp_ruin_house_5, lemuel_altar_in_water
Swamp:2:  nicolae_swamp_trees_clearing
Swamp:3:  hangedman_swamp_ruin_hall, swamp_pool3
Orc:2:    st_orc_mages, nicolae_orc_damp_corner
Ossuary:  ossuary_due_cavern
IceCv:    ice_cave_small_giant

Skill      XL: |  1  2  3  4  5  6  7  8  9 10 11 12 13 14 15 |
---------------+----------------------------------------------+-----
Axes           | 4 5 6 8 9 11 13 15 17 19 20 21 | 21.5
Fighting       | 4 5 6 7 9 10 11 13 15 16 | 16.5
Armour         | 3 4 5 7 8 9 10 11 13 15 | 15.8
Dodging        | 3 5 7 8 |  8.3
Evocations     | 2 3 |  3.9

Action                   |  1- 3 |  4- 6 |  7- 9 | 10-12 | 13-15 | 16-18 || total
-------------------------+-------+-------+-------+-------+-------+-------++-------
Melee: Hand axe          |    48 |   123 |   281 |       |       |       ||   452
       Headbutt          |     6 |    29 |    79 |   139 |   281 |     2 ||   536
       War axe           |       |       |    67 |       |       |       ||    67
       Battleaxe         |       |       |    21 |   658 |   756 |       ||  1435
       Executioner's axe |       |       |       |       |   245 |     2 ||   247
Invok: Berserk           |       |     1 |     3 |     4 |     1 |       ||     9
       Brothers in Arms  |       |       |       |     6 |    12 |       ||    18
       Trog's Hand       |       |       |       |       |     3 |       ||     3
  Use: Scroll            |       |       |     8 |    15 |    10 |       ||    33
       Potion            |       |       |       |     3 |     3 |     1 ||     7
 Stab: Distracted        |       |     1 |       |       |     1 |       ||     2
  Eat: Chunk             |       |     8 |     5 |    27 |    34 |       ||    74
       Ration            |       |       |     4 |     1 |     7 |       ||    12
Armor: Ring mail         |     4 |    25 |     4 |       |       |       ||    33
       Scale mail        |       |       |   107 |    88 |       |       ||   195
       Chain mail        |       |       |       |   296 |   536 |     4 ||   836
Dodge: Dodged            |    39 |    47 |   158 |   350 |   523 |     6 ||  1123
       Rpst.: Battleaxe  |       |       |       |       |    27 |       ||    27
       Executioner's axe |       |       |       |       |    47 |       ||    47

Table legend:
 A = Non-vault XP
 B = Vault XP
 C = Vault XP percentage of total XP
 D = Non-vault monster count
 E = Vault monster count
 F = Vault count percentage of total count
                 A         B        C        D         E       F
            +---------+---------+-------+---------+---------+-------
      Total |  107947 |   45676 |  29.7 |     588 |     235 |  28.6
            +---------+---------+-------+---------+---------+-------
        D:1 |      37 |       0 |   0.0 |      17 |       0 |   0.0
        D:2 |     200 |      33 |  14.2 |      26 |       1 |   3.7
        D:3 |      59 |       0 |   0.0 |      12 |       0 |   0.0
        D:4 |     367 |     169 |  31.5 |      13 |       1 |   7.1
        D:5 |     366 |     468 |  56.1 |      11 |      13 |  54.2
        D:6 |     891 |     640 |  41.8 |      22 |       3 |  12.0
        D:7 |    1109 |       0 |   0.0 |      19 |       0 |   0.0
        D:8 |    1547 |       0 |   0.0 |      30 |       0 |   0.0
        D:9 |    3177 |    4059 |  56.1 |      41 |      27 |  39.7
       D:10 |    4016 |       0 |   0.0 |      39 |       0 |   0.0
       D:11 |    4273 |     922 |  17.7 |      29 |      26 |  47.3
       D:12 |    5124 |    1024 |  16.7 |      23 |       5 |  17.9
       D:13 |    3565 |    2776 |  43.8 |      17 |       6 |  26.1
       D:14 |   19813 |       0 |   0.0 |      53 |       0 |   0.0
       D:15 |    7725 |    4428 |  36.4 |      24 |       6 |  20.0
     Lair:1 |    4478 |    1029 |  18.7 |      26 |       8 |  23.5
     Lair:2 |    1436 |       0 |   0.0 |       9 |       0 |   0.0
     Lair:3 |    6916 |    3225 |  31.8 |      24 |      19 |  44.2
     Lair:4 |    3889 |       0 |   0.0 |      10 |       0 |   0.0
     Lair:5 |    2468 |     403 |  14.0 |       7 |       1 |  12.5
     Lair:6 |    7128 |   12034 |  62.8 |      24 |      27 |  52.9
    Swamp:1 |    7302 |       0 |   0.0 |      17 |       0 |   0.0
    Swamp:2 |    8832 |       0 |   0.0 |      22 |       0 |   0.0
    Swamp:3 |    5515 |       0 |   0.0 |      14 |       0 |   0.0
      Orc:1 |    2749 |       0 |   0.0 |      28 |       0 |   0.0
      Orc:2 |    4965 |    4865 |  49.5 |      31 |      43 |  58.1
    Ossuary |       0 |     665 | 100.0 |       0 |      13 | 100.0
      IceCv |       0 |    8936 | 100.0 |       0 |      36 | 100.0
            +---------+---------+-------+---------+---------+-------
